 Dungeon Crawl Stone Soup version 0.22.0-6-g71bd7aa (webtiles) character file.

550 riellis the Slasher (level 7, -5/52 HPs)
             Began as a Formicid Fighter on Aug 16, 2018.
             Slain by an ogre
             ... wielding a +0 giant club
              (13 damage)
             ... on level 4 of the Dungeon.
             The game lasted 00:07:33 (3582 turns).

riellis the Slasher (Formicid Fighter)              Turns: 3582, Time: 00:07:33

Health: -5/52      AC:  8    Str: 23    XL:     7   Next: 54%
Magic:  7/7        EV:  8    Int:  7    God:
Gold:   221        SH: 10    Dex: 10    Spells: 6/6 levels left

rFire    . . .     SeeInvis +   a - +0 long sword
rCold    . . .     Gourm    .   c - +0 shield
rNeg     . . .     Faith    +   b - +0 scale mail
rPois    .         Spirit   .   (helmet unavailable)
rElec    .         Reflect  .   v - +0 cloak
rCorr    .         Harm     .   (no gloves)
MR       .....                  (no boots)
Stlth    ..........             q - amulet of faith
HPRegen  0.17/turn              (no ring)
MPRegen  0.10/turn              (no ring)

@: no status effects
A: permanent stasis, dig shafts and tunnels, four strong arms, antennae 3
a: Dig, Shaft Self


You were on level 4 of the Dungeon.
You were hungry.

You visited 2 branches of the dungeon, and saw 5 of its levels.

You collected 221 gold pieces.

Inventory:

Hand Weapons
 a - a +0 long sword (weapon)
 u - a +0 falchion of freezing
Missiles
 i - 43 sling bullets
Armour
 b - a +0 scale mail (worn)
 c - a +0 shield (worn)
 v - a +0 cloak (worn)
 x - a +3 leather armour
Jewellery
 q - an amulet of faith (around neck)
 r - an uncursed ring of protection from fire {unknown}
Wands
 w - a wand of flame (30)
Scrolls
 e - 6 scrolls of remove curse {unknown}
 j - a scroll of immolation {unknown}
 k - 3 scrolls of identify {unknown}
 m - 3 scrolls of teleportation {unknown}
 n - a scroll of blinking {unknown}
 p - a scroll of fog {unknown}
 t - a scroll of amnesia {unknown}
Potions
 d - a potion of might
 h - a potion of lignification {unknown}
 l - 2 potions of curing
 o - a potion of resistance {unknown}
 s - 5 potions of heal wounds {unknown}
Comestibles
 f - 8 rations


   Skills:
 - Level 3.2 Fighting
 * Level 6.4 Long Blades
 - Level 3.2 Armour
 + Level 6.3 Shields


You had 6 spell levels left.
You didn't know any spells.
Your spell library was empty.

Dungeon Overview and Level Annotations

Branches:
Dungeon (4/15)             Temple (1/1) D:4

Altars:
Ashenzari
Dithmenos
Fedhas
Gozag
Hepliaklqana
Kikubaaqudgha
Makhleb
Ru
Trog
Wu Jian
Xom
Yredelemnul


Innate Abilities, Weirdness & Mutations

You cannot be hasted, slowed, berserked, paralysed or teleported.
You can dig through walls and to a lower floor.
Your four strong arms can wield two-handed weapons with a shield.
You have a pair of large antennae on your head. (SInv)


Message History

You are feeling hungry.
An ogre comes into view. It is wielding a giant club.
The ogre shouts!
The ogre hits you with a giant club!!
You are too injured to fight recklessly!
You are too injured to fight recklessly!
You are too injured to fight recklessly!
You are too injured to fight recklessly!
You hit the ogre.
The ogre is moderately wounded.
You block the ogre's attack.
You hit the ogre but do no damage.
The ogre is moderately wounded.
The ogre hits you with a giant club!!
Ouch! That really hurt!
* * * LOW HITPOINT WARNING * * *
You slash the ogre!
The ogre is severely wounded.
The ogre hits you with a giant club!
You die...

.........# .........+
... .........# ....
.........# #+###....
.........# #........
.........# #........
.........#### ##........
............# #..O......
........#...###.@.......
..................######
.....................#
.......................
#####...................
#####...................
........................
....#...................
..................#...


You could see an ogre.

Vanquished Creatures
  Sigmund (D:3)
  A howler monkey (D:4)
  2 orc wizards (D:4)
  2 bullfrog skeletons
  A centaur skeleton (D:3)
  A worker ant (D:4)
  A hound skeleton (D:4)
  3 gnolls (D:4)
  3 adders
  5 worms
  A dart slug (D:2)
  3 leopard geckos
  11 orcs
  8 giant cockroaches
  8 goblins
  7 hobgoblins
  6 jackals
  2 ball pythons
  8 bats
  7 frilled lizards
  9 kobolds
  11 rats
101 creatures vanquished.

Notes
Turn   | Place    | Note
-------+----------+-------------------------------------------
     0 | D:1      | riellis the Formicid Fighter began the quest for the Orb.
     0 | D:1      | Reached XP level 1. HP: 18/18 MP: 1/1
   423 | D:1      | Reached XP level 2. HP: 24/24 MP: 2/2
   966 | D:1      | Reached XP level 3. HP: 28/29 MP: 3/3
  1195 | D:2      | Reached XP level 4. HP: 28/35 MP: 4/4
  1981 | D:3      | Reached XP level 5. HP: 41/41 MP: 5/5
  2089 | D:3      | Noticed Sigmund
  2104 | D:3      | Killed Sigmund
  2104 | D:3      | Reached skill level 5 in Long Blades
  2104 | D:3      | Reached skill level 5 in Shields
  2104 | D:3      | Reached XP level 6. HP: 36/47 MP: 6/6
  2893 | D:4      | Reached XP level 7. HP: 33/52 MP: 7/7
  3301 | D:4      | Found a staircase to the Ecumenical Temple.
  3311 | Temple   | Entered the Ecumenical Temple
  3582 | D:4      | Slain by an ogre

Skill      XL: |  1  2  3  4  5  6  7 |
---------------+----------------------+-----
Shields        | 4 5 6 |  6.3
Long Blades    | 3 4 5 6 |  6.4
Fighting       | |  3.2
Armour         | |  3.2

Action                   |  1- 3 |  4- 6 |  7- 9 || total
-------------------------+-------+-------+-------++-------
Melee: Long sword        |   115 |   170 |    81 ||   366
 Abil: Dig               |     1 |     1 |       ||     2
  Use: Potion            |       |     1 |       ||     1
  Eat: Chunk             |     1 |     6 |     2 ||     9
Armor: Scale mail        |    49 |    57 |    18 ||   124
Dodge: Dodged            |    41 |    46 |    18 ||   105
Block: Shield            |    66 |    95 |    52 ||   213
       Rpst.: Long sword |     7 |    16 |     6 ||    29
